[Event "*** Qualifier 2: Titled Tuesday 3|2 Blitz"]
[Site "Chess.com"]
[Date "2017.04.11"]
[Round "8"]
[White "kleinebeer98"]
[Black "dhanushbharadwaj"]
[Result "0-1"]
[WhiteElo "2459"]
[BlackElo "2343"]
[TimeControl "180+2"]
[EndTime "14:53:50 PDT"]
[Termination "dhanushbharadwaj won on time"]

1. e4 c5 2. Nf3 d6 3. d4 cxd4 4.
Nxd4 Nf6 5. Nc3 a6 6. Rg1 e5 7.
Nb3 h5 8. h3 Be6 9. g4 hxg4 10.
hxg4 g6 11. g5 Nh5 12. Be3 Nd7 13. Nd5 Rc8 14. Be2 Bg7 15. c4 Bxd5 16. cxd5 Nf4 17.
Bg4 Rc4 18. Rc1 Qc7 19. Bxd7+ Kxd7 20. Bxf4 exf4 21. Qg4+ Ke7 22. Qxf4 Bxb2 23. Rxc4 Qxc4 24. Qe3 Rh4 25. f4 Rh2 26. e5 Bc3+ 27. Kd1 Qxd5+ 28. Kc1 Qc4 29. exd6+ Kf8 30. Kb1 Be5 31. Qc1 Qd3+ 0-1

[Event "*** Qualifier 2: Titled Tuesday 3|2 Blitz"]
[Site "Chess.com"]
[Date "2017.04.11"]
[Round "8"]
[White "JoachimBN"]
[Black "iturrizaga"]
[Result "1-0"]
[WhiteElo "2570"]
[BlackElo "2625"]
[TimeControl "180+2"]
[EndTime "14:54:03 PDT"]
[Termination "JoachimBN won by resignation"]

1. d4 Nf6 2. Bf4 b6 3. e3 Bb7 4. c4 h6 5. Nc3 g5 6. Bg3 Bg7 7. h4 g4 8. Nge2 e6 9. Nf4 d6 10. h5 Nbd7 11. Qc2 a6 12. Rd1 Qe7 13. Bd3 O-O 14.
O-O Rad8 15. Bh4 c6 16. d5 Ne5 17. dxe6 fxe6 18. Ng6 Nxg6 19. Bxg6 Kh8 20. Qe2 d5 21. e4 Qb4 22. e5 Nd7 23. cxd5 cxd5 24. Bxd8 Rxd8 25. Bb1 Nxe5 26. Qc2 Kg8 27. Qh7+ Kf8 28.
Ne2 Qe7 29. f4 gxf3 30. Nd4 Ke8 31. Nxf3 Nxf3+ 32. Rxf3 Qg5 33. Rdf1 Rd7 34. Qg8+ Ke7 35. Rf7+ Kd6 36. Rxd7+ Kxd7 37. Rf7+ Kc6 38. Qxg7 Qc1+ 39. Kh2 1-0

[Event "*** Qualifier 2: Titled Tuesday 3|2 Blitz"]
[Site "Chess.com"]
[Date "2017.04.11"]
[Round "8"]
[White "macko06"]
[Black "tigra"]
[Result "1-0"]
[WhiteElo "2371"]
[BlackElo "2599"]
[TimeControl "180+2"]
[EndTime "14:54:04 PDT"]
[Termination "macko06 won on time"]

1. d4 Nf6 2. Bf4 e6 3. e3 c5 4. c3 Nc6 5. Nf3 d5 6. Nbd2 cxd4 7. exd4 Nh5 8. Bg5 f6 9. Bh4 g6 10. Bd3 Bd6 11. O-O O-O 12. Re1 Bd7 13. Ne5 Nf4 14.
Bc2 Bxe5 15. dxe5 g5 16. exf6 Qxf6 17. Bg3 e5 18. Ne4 Qe7 19. Bxf4 gxf4 20. Qxd5+ Be6 21. Qd6 Rfe8 22. Qxe7 Rxe7 23. Rad1 Bxa2 24. b3 Na5 25. Rd5 Nxb3 26. Rb5 Nd4 27. cxd4 exd4 28. Bd3 Rc8 29. f3 b6 30. Rb4 Kg7 31. Rxd4 Bf7 32. Kf2 Bg6 33.
Nd2 Rec7 34. Bxg6 hxg6 35. Rxf4 a5 36. Nb3 Rc4 37. Nd4 a4 38. Re7+ Kg8 39. Rg4 a3 40. Rxg6+ Kf8 41. Rd7 a2 42. Ne6+ Ke8 43. Rgg7 Rc2+ 44.
Kg3 1-0

[Event "*** Qualifier 2: Titled Tuesday 3|2 Blitz"]
[Site "Chess.com"]
[Date "2017.04.11"]
[Round "8"]
[White "Ginger_GM"]
[Black "oskariot"]
[Result "0-1"]
[WhiteElo "2436"]
[BlackElo "2429"]
[TimeControl "180+2"]
[EndTime "14:54:05 PDT"]
[Termination "oskariot won by resignation"]

1. d4 g6 2. h4 Nf6 3. h5 Nxh5 4.
e4 d5 5. e5 c5 6. c3 Nc6 7. g4 Ng7 8. Bg2 h5 9. dxc5 Bxg4 10.
Qa4 Ne6 11. Be3 Qd7 12. Nf3 Nxe5 13. Qxd7+ Nxd7 14. Nd4 Ndxc5 15. Bxd5 O-O-O 16. Bg2 Bg7 17. Nd2 Nxd4 18. cxd4 Nd3+ 19. Kf1 Bxd4 20. Bxd4 Rxd4 21. Nb3 Rf4 22. f3 Ne5 23. Rc1+ Kb8 24. Kf2 Nd3+ 25. Ke3 Nxc1 26. Rxc1 Rb4 27. fxg4 hxg4 28. Nc5 Rd8 29. b3 f5 30. a3 f4+ 31. Kf2 Rd2+ 32. Kg1 Rbd4 33.
Bxb7 Rd1+ 34. Rxd1 Rxd1+ 35. Kf2 Rc1 36. b4 Rxc5 0-1

[Event "*** Qualifier 2: Titled Tuesday 3|2 Blitz"]
[Site "Chess.com"]
[Date "2017.04.11"]
[Round "8"]
[White "justantan"]
[Black "MattyDPerrine"]
[Result "1-0"]
[WhiteElo "2314"]
[BlackElo "2275"]
[TimeControl "180+2"]
[EndTime "14:54:07 PDT"]
[Termination "justantan won by checkmate"]

1. e4 c5 2. Nf3 g6 3. d4 cxd4 4. Nxd4 Bg7 5. c4 Nc6 6. Be3 Nf6 7. Nc3 d6 8. Be2 O-O 9. O-O Bd7 10. Qd2 Nxd4 11. Bxd4 Bc6 12. f3 Nd7 13. Rab1 a5 14. Be3 Nc5 15. b3 Qb6 16. Rfc1 Qb4 17. Qe1 Ne6 18. Kh1 Bd4 19. Bd2 Qb6 20. Nd5 Qd8 21.
Qh4 Re8 22. f4 Nc5 23. f5 Bxd5 24. exd5 Bf6 25. Qg4 Nd7 26. Rf1 Ne5 27. Qg3 Kg7 28. Qh3 Qd7 29. Qh6+ Kg8 30. Rf2 Bg7 31. Qh3 Rec8 32.
Rbf1 a4 33. fxg6 Qxh3 34. gxf7+ Kf8 35. gxh3 axb3 36. axb3 Ra3 37. Bd1 Ra2 38. h4 Nd3 39.
Rg2 Bf6 40. Bh6+ Kxf7 41. Bh5# 1-0

[Event "*** Qualifier 2: Titled Tuesday 3|2 Blitz"]
[Site "Chess.com"]
[Date "2017.04.11"]
[Round "8"]
[White "Grebeniuk-S"]
[Black "stepanosinovsky"]
[Result "1-0"]
[WhiteElo "2398"]
[BlackElo "2218"]
[TimeControl "180+2"]
[EndTime "14:54:07 PDT"]
[Termination "Grebeniuk-S won on time"]

1. d4 Nf6 2. Nf3 g6 3. Bg5 Bg7 4. Nbd2 O-O 5. c3 d6 6. e4 Nbd7 7. Be2 e5 8. dxe5 dxe5 9. O-O h6 10. Bh4 g5 11. Bg3 Nh5 12. Re1 Nf4 13. Bf1 Re8 14.
Qc2 Qf6 15. Nc4 Qg6 16. Ne3 h5 17. h4 g4 18. Nd2 Nf8 19. a4 a6 20. Ndc4 Qf6 21.
a5 N8g6 22. Nf5 Bxf5 23. exf5 Nxh4 24. Ne3 c6 25. Qe4 Qg5 26. Red1 Rad8 27. b4 Kh8 28.
Rxd8 Rxd8 29. Rd1 Rxd1 30. Nxd1 Nxf5 31. Bxf4 Qxf4 32. Qd3 e4 33. Qd7 Kh7 34. Qxf7 Kh6 35. Ne3 1-0

[Event "*** Qualifier 2: Titled Tuesday 3|2 Blitz"]
[Site "Chess.com"]
[Date "2017.04.11"]
[Round "8"]
[White "OparinGrigoriy"]
[Black "jcibarra"]
[Result "1/2-1/2"]
[WhiteElo "2655"]
[BlackElo "2662"]
[TimeControl "180+2"]
[EndTime "14:54:15 PDT"]
[Termination "Game drawn by repetition"]

1. e4 e5 2. Nf3 d6 3. d4 exd4 4.
Nxd4 Nf6 5. Nc3 Be7 6. Bf4 O-O 7. Qd2 Nc6 8. O-O-O Nxd4 9. Qxd4 Be6 10. f3 a6 11.
Kb1 c5 12. Qd2 b5 13. g4 b4 14. Nd5 Nxd5 15. exd5 Bd7 16. h4 Bb5 17. g5 Bxf1 18.
Rdxf1 Qd7 19. Qd3 Rfc8 20. h5 c4 21. Qe4 Bf8 22. h6 g6 23. Bc1 b3 24. cxb3 cxb3 25.
a3 Rc2 26. Qd3 Qf5 27. Qxf5 gxf5 28. Rd1 a5 29. a4 Rac8 30. Rd3 Rb8 31. Re1 Rc4 32.
Ree3 Rbc8 33. Bd2 Rc2 34. Re1 R8c5 35. Rxb3 Rxd2 36. Rb8 Rc4 37. Ra8 Rb4 38. Ree8 Rbxb2+ 39. Kc1 Rbc2+ 40. Kb1 Rb2+ 41. Ka1 Ra2+ 42. Kb1 Rab2+ 43. Kc1 Rbc2+ 44. Kb1 Rb2+ 45. Ka1 Ra2+ 46. Kb1 Rab2+ 1/2-1/2

[Event "*** Qualifier 2: Titled Tuesday 3|2 Blitz"]
[Site "Chess.com"]
[Date "2017.04.11"]
[Round "8"]
[White "feigelag"]
[Black "Indianlad"]
[Result "1-0"]
[WhiteElo "2248"]
[BlackElo "2593"]
[TimeControl "180+2"]
[EndTime "14:54:20 PDT"]
[Termination "feigelag won by resignation"]

1. d4 Nf6 2. c4 e6 3. Nc3 Bb4 4.
e3 b6 5. Ne2 Bb7 6. a3 Be7 7. d5 O-O 8. g3 b5 9. Bg2 bxc4 10. e4 e5 11. Qa4 Bc5 12. O-O d6 13. Qxc4 c6 14. dxc6 Nxc6 15. Bg5 h6 16. Bxf6 Qxf6 17.
b4 Bb6 18. Nd5 Qd8 19. Nxb6 Qxb6 20. b5 Ne7 21. a4 a6 22. Rfd1 Rac8 23. Qb4 Rc5 24.
Rac1 Rfc8 25. Rxc5 Rxc5 26. Nc3 a5 27. Qb3 Qc7 28.
Rd3 Nc8 29. Nd1 Nb6 30. Ne3 Rc1+ 31. Rd1 Rxd1+ 32. Qxd1 g6 33. h4 h5 34. g4 hxg4 35.
Qxg4 Nxa4 36. h5 Kh7 37. Qg5 Qc1+ 38. Kh2 Nc5 39. Qf6 gxh5 40. Qxf7+ Kh8 41. Qf6+ Kh7 42. Qxd6 Bxe4 43. Qc7+ Kh6 44. Bxe4 Qd2 45. Qh7+ 1-0

[Event "*** Qualifier 2: Titled Tuesday 3|2 Blitz"]
[Site "Chess.com"]
[Date "2017.04.11"]
[Round "8"]
[White "maciek_92"]
[Black "Sanan_Sjugirov"]
[Result "1-0"]
[WhiteElo "2551"]
[BlackElo "2674"]
[TimeControl "180+2"]
[EndTime "14:54:21 PDT"]
[Termination "maciek_92 won on time"]

1. c4 Nf6 2. Nc3 e5 3. g3 Bb4 4.
Bg2 O-O 5. Nf3 Bxc3 6. dxc3 d6 7. O-O Nbd7 8. Qc2 a5 9. Rd1 Re8 10. Nd2 Nc5 11. Nf1 h6 12. Ne3 e4 13. Nd5 Nxd5 14.
cxd5 Bg4 15. Be3 Qe7 16. Rd4 Bf5 17. a4 b6 18. Rc4 Qe5 19. Rd1 Bg6 20. b4 axb4 21.
cxb4 Nxa4 22. Rxc7 b5 23. Qb3 Qb2 24. Rb1 Qf6 25.
Qc2 h5 26. Qd2 Rec8 27. Rc6 Rxc6 28. dxc6 Rc8 29. Rc1 Qe6 30. Qd4 d5 31. c7 Qd7 32.
Qa7 Nb2 33. Rc5 Nc4 34. Bd4 Kh7 35. h4 e3 36. f3 Qd6 37. Kh2 Nd2 38. Bh3 1-0

[Event "*** Qualifier 2: Titled Tuesday 3|2 Blitz"]
[Site "Chess.com"]
[Date "2017.04.11"]
[Round "8"]
[White "evgenyermolaev"]
[Black "VMikhalevski"]
[Result "0-1"]
[WhiteElo "2366"]
[BlackElo "2546"]
[TimeControl "180+2"]
[EndTime "14:54:32 PDT"]
[Termination "VMikhalevski won by resignation"]

1. e4 e5 2. Nf3 Nc6 3. Bb5 a6 4.
Ba4 Nf6 5. O-O Nxe4 6. d4 b5 7. Bb3 d5 8. dxe5 Be6 9. c3 Bc5 10. Qe2 O-O 11. Nbd2 Bf5 12. Rd1 Nxf2 13. Qxf2 Bxf2+ 14.
Kxf2 Na5 15. Nf1 Nxb3 16. axb3 Bg4 17. Ne3 Bxf3 18. Kxf3 c6 19. c4 bxc4 20. bxc4 Qe7 21. cxd5 Qxe5 22. dxc6 Qf6+ 23. Ke2 Qxc6 24. Bd2 Rfe8 25.
Kf2 Qf6+ 26. Kg1 Qd4 27. Bc1 Qc5 28. Kf2 Rab8 29. Rd5 Rxb2+ 30. Kf1 Qb6 31. Bxb2 Qxe3 32.
Bd4 Qd3+ 33. Kg1 h6 34. h3 Re2 35. Rd8+ Kh7 36. Rf1 Qg6 37. Bf2 Rb2 38. Rdd1 Ra2 39.
Rfe1 Qc2 40. Rf1 a5 41. Rc1 Qg6 42. Rc3 a4 43. Rg3 Qd6 44. Rg4 Qc6 45. Bd4 f6 46. Re1 Qd6 47. Rb1 Qd7 48. Re1 Rd2 49. Be3 Rd1 50. Rxd1 Qxd1+ 51. Kh2 a3 52. Ra4 Qxa4 0-1

[Event "*** Qualifier 2: Titled Tuesday 3|2 Blitz"]
[Site "Chess.com"]
[Date "2017.04.11"]
[Round "8"]
[White "talaicito"]
[Black "Ilja_Semjonovs"]
[Result "0-1"]
[WhiteElo "2014"]
[BlackElo "2174"]
[TimeControl "180+2"]
[EndTime "14:54:32 PDT"]
[Termination "Ilja_Semjonovs won by checkmate"]

1. e4 c5 2. Nf3 d6 3. d4 cxd4 4.
Nxd4 Nf6 5. Nc3 a6 6. Bg5 e6 7.
f4 Qb6 8. Qd2 Qxb2 9. Rb1 Qa3 10. Bd3 Nc6 11. Nxc6 bxc6 12. O-O Be7 13. e5 dxe5 14.
Bxf6 Bxf6 15. Ne4 exf4 16. Nxf6+ gxf6 17. Qxf4 Qc5+ 18. Kh1 f5 19. Qg5 Qe7 20. Qg7 Rf8 21. Rb6 Qc7 22. Rbb1 Rb8 23. Rbe1 Rb4 24. Bxf5 Qd6 25.
Bxh7 Rh4 26. h3 Rf4 27. Rxf4 Qxf4 28. Qc3 Qd6 29. Be4 c5 30. Qf3 Ke7 31. Rd1 Qe5 32. Bb7 Qc7 33. Be4 f5 34. Bd3 Rg8 35. Bc4 Bb7 36. Qe3 Bxg2+ 37. Kg1 Bd5+ 38. Kf1 Bxc4+ 39.
Ke1 Bb5 40. a4 Bxa4 41. Ra1 Bb5 42. Rd1 Bc4 43. Rd2 Rg3 44. Qf2 Qe5+ 45. Kd1 Qa1# 0-1

[Event "*** Qualifier 2: Titled Tuesday 3|2 Blitz"]
[Site "Chess.com"]
[Date "2017.04.11"]
[Round "8"]
[White "dolynachess"]
[Black "prochn"]
[Result "1-0"]
[WhiteElo "2319"]
[BlackElo "2154"]
[TimeControl "180+2"]
[EndTime "14:54:41 PDT"]
[Termination "dolynachess won by checkmate"]

1. c4 c6 2. g3 d5 3. cxd5 cxd5 4. Bg2 Nf6 5. Nf3 Nc6 6. O-O g6 7.
d4 Bg7 8. Ne5 O-O 9. Nc3 e6 10.
Nxc6 bxc6 11. Na4 Nd7 12. b3 c5 13. Be3 cxd4 14. Bxd4 Ba6 15. Re1 Qa5 16. e4 Rad8 17. exd5 Nb6 18. Bxg7 Kxg7 19. Qd4+ Kg8 20. Nxb6 axb6 21.
d6 Bb5 22. a4 Bd7 23. b4 Qa6 24. b5 Qa5 25. Bc6 h5 26. h4 Rfe8 27. Re5 Rf8 28.
Rd1 Qa7 29. Re3 Qa5 30. Rf3 e5 31. Qe4 Bg4 32. Rdd3 Bxf3 33. Qxf3 Qxa4 34. d7 Kg7 35. Rd6 f5 36. Qe3 Qb4 37. Qxe5+ Kh7 38. Qe7+ Kh8 39. Qe5+ Kh7 40. Qe6 Rg8 41. Qf6 Qb1+ 42. Kg2 Qc2 43. Re6 Rdf8 44. Re7+ Kh6 45. Qg5# 1-0

[Event "*** Qualifier 2: Titled Tuesday 3|2 Blitz"]
[Site "Chess.com"]
[Date "2017.04.11"]
[Round "8"]
[White "DiogenesSinopeus"]
[Black "saraswathii"]
[Result "0-1"]
[WhiteElo "2277"]
[BlackElo "2239"]
[TimeControl "180+2"]
[EndTime "14:54:46 PDT"]
[Termination "saraswathii won by resignation"]

1. d4 d5 2. c4 c6 3. Nc3 Nf6 4.
e3 g6 5. Nf3 Bg7 6. Be2 O-O 7.
O-O Bf5 8. cxd5 Nxd5 9. Qb3 Qd7 10. Ne5 Bxe5 11. dxe5 Be6 12. Qa3 b5 13. Nxd5 Bxd5 14. Rd1 Qe6 15. f4 Nd7 16. Qc3 f6 17. exf6 Nxf6 18.
b4 Rad8 19. Bb2 Be4 20. h3 Rd5 21. Rxd5 Qxd5 22. Rd1 Qe6 23. Bg4 Qf7 24. Rd7 h5 25. Bd1 Kh7 26. Qxf6 exf6 27. Rxf7+ Rxf7 28. Bb3 Rd7 29. Bxf6 Rd2 30. g4 hxg4 31. hxg4 Rg2+ 32. Kf1 Rxg4 33.
Bd4 a6 34. Be6 Rg2 35. f5 Rg5 36. f6 Bd5 37. Bc8 Bxa2 38. Bxa6 Rf5+ 39. Ke2 Kg8 40. Bb7 Bd5 41. Kd3 Rf1 42. e4 Rd1+ 43. Kc3 Bxe4 44. Bc8 Kf7 45. Bg4 Rd3+ 46. Kb2 Rxd4 0-1

[Event "*** Qualifier 2: Titled Tuesday 3|2 Blitz"]
[Site "Chess.com"]
[Date "2017.04.11"]
[Round "8"]
[White "Blitzstream"]
[Black "GM_Splinter"]
[Result "1-0"]
[WhiteElo "2474"]
[BlackElo "2344"]
[TimeControl "180+2"]
[EndTime "14:55:00 PDT"]
[Termination "Blitzstream won by resignation"]

1. d4 f5 2. g4 fxg4 3. h3 d5 4. c4 Nc6 5. Nc3 Nf6 6. Bg5 gxh3 7.
Bxh3 dxc4 8. d5 Ne5 9. Qd4 Nf7 10.
Nf3 Bxh3 11. Rxh3 Qd7 12. Rh1 O-O-O 13. Qxa7 Qf5 14. Bxf6 exf6 15. Nd4 Qe5 16. Nc6 Qf4 17. Qb8+ Kd7 18. Qxb7 Nd6 19. Qa6 Re8 20. Qa4 Kc8 21. Qa8+ Kd7 22. Qa4 Kc8 23. e3 Qf3 24. Rf1 h5 25.
Nd4 Rxe3+ 26. fxe3 Qxe3+ 27. Nde2 h4 28. Qa8+ Kd7 29.
Qa4+ Kd8 30. Qc2 h3 31. Qd2 Qe5 32. O-O-O g6 33. Kb1 Bh6 34. Qc2 h2 35. Qxg6 Be3 36.
Qg7 Rh4 37. Qg8+ Kd7 38. Qe6+ Qxe6 39. dxe6+ Kxe6 40. Nd5 Bg1 41. Rxg1 hxg1=Q 42. Ndf4+ Rxf4 43. Nxf4+ Kf5 44. Rxg1 Kxf4 45. a4 Ke3 46. a5 f5 47.
a6 Nb5 48. Rg5 Kf4 49. Rg8 Ke3 50. Rb8 Na7 51. Rb7 Nc6 52. Rxc7 f4 53. Rxc6 f3 54. Rf6 1-0

[Event "*** Qualifier 2: Titled Tuesday 3|2 Blitz"]
[Site "Chess.com"]
[Date "2017.04.11"]
[Round "8"]
[White "aRk_iN"]
[Black "ehrenfeld"]
[Result "1-0"]
[WhiteElo "2149"]
[BlackElo "2308"]
[TimeControl "180+2"]
[EndTime "14:55:06 PDT"]
[Termination "aRk_iN won by resignation"]

1. e4 d6 2. d4 g6 3. Nc3 Bg7 4. Be3 a6 5. Qd2 b5 6. O-O-O Bb7 7. f3 Nd7 8. Re1 Rc8 9. Kb1 c5 10.
dxc5 Nxc5 11. Nd5 Bxd5 12. exd5 Na4 13. Bd4 Nf6 14. g4 O-O 15. h4 Qc7 16. Rh2 Nb6 17. g5 Nh5 18. Bxg7 Nxg7 19. Bh3 Rce8 20. Bg4 e6 21.
dxe6 fxe6 22. Rhe2 Nc4 23. Qd4 Ne5 24. Bh3 Nh5 25.
Re4 Rxf3 26. Nxf3 Nxf3 27. Qe3 Nxe1 28. Qxe1 e5 29. Bg2 Rf8 30. Re2 Nf4 31. Rf2 Nxg2 32. Rxg2 Qf7 33. Rg1 Qf2 34. Qd1 Qxh4 35. Qd5+ Kg7 36.
Qxd6 Qxg5 37. Qxf8+ Kxf8 38. Rxg5 Kg7 39. Rxe5 Kf6 40.
Re2 h5 41. Kc1 g5 42. Kd1 Kf5 43. Ke1 Kf4 44. Kf2 h4 45. Kg2 g4 46. Re8 h3+ 47. Kh2 Kf3 48. Rf8+ Ke3 49. Kg3 Kd2 50. Rc8 Kc1 51.
b3 Kb2 52. a4 b4 53. a5 Kb1 54. Rc4 Kb2 55. Rxb4 Kxc2 56. Rxg4 Kxb3 57. Kxh3 1-0

[Event "*** Qualifier 2: Titled Tuesday 3|2 Blitz"]
[Site "Chess.com"]
[Date "2017.04.11"]
[Round "8"]
[White "TenisMaster"]
[Black "LawrenceTrent"]
[Result "1-0"]
[WhiteElo "2651"]
[BlackElo "2436"]
[TimeControl "180+2"]
[EndTime "14:55:18 PDT"]
[Termination "TenisMaster won by resignation"]

1. e4 g6 2. d4 Bg7 3. Nc3 a6 4.
Be3 b5 5. h4 h6 6. f4 d6 7. h5 b4 8. Nce2 Nf6 9. Ng3 Ng4 10.
Qf3 Nc6 11. O-O-O Nxe3 12. Qxe3 d5 13. hxg6 fxg6 14. e5 e6 15. Bd3 Ne7 16. Nf3 Kd7 17. Kb1 c6 18. Qd2 Rb8 19. Nh4 Qe8 20. Rc1 Rf8 21. Ne2 Kc7 22. c3 bxc3 23. Qxc3 Rb6 24. Nf3 Bd7 25. Qa3 Rf7 26. Nc3 Bf8 27. Na4 Nc8 28.
Nc5 Rxf4 29. Nxa6+ Kd8 30. Nc5 g5 31. Ba6 Bxc5 32.
dxc5 Rb8 33. Rhf1 Qf7 34. Bd3 Ke7 35. Nd4 Kf8 36. Rxf4 gxf4 37. Rf1 Kg8 38. Qc3 Ne7 39. Qd2 Rf8 40. Ne2 Ng6 41. Ka1 Nxe5 42. Rxf4 Qg7 43. Rxf8+ Qxf8 44. Bb1 Nc4 45. Qd3 Qg7 46. Nc3 e5 47. b3 e4 48. Qc2 Na3 49. Qb2 e3 50.
Bd3 Bf5 51. Bxf5 Nb5 52. Ne2 Qg5 53. Qe5 Qxg2 54. Qe8+ Kg7 55. Qe7+ Kg8 56. Be6+ Kh8 57. Qf8+ 1-0

[Event "*** Qualifier 2: Titled Tuesday 3|2 Blitz"]
[Site "Chess.com"]
[Date "2017.04.11"]
[Round "8"]
[White "Outsmiter"]
[Black "aa175"]
[Result "1-0"]
[WhiteElo "2105"]
[BlackElo "1862"]
[TimeControl "180+2"]
[EndTime "14:55:27 PDT"]
[Termination "Outsmiter won on time"]

1. e4 e5 2. Nf3 Nc6 3. Bb5 Nf6 4.
Nc3 a6 5. Ba4 Bc5 6. O-O d6 7. d4 exd4 8. Nxd4 Bxd4 9. Bxc6+ bxc6 10. Qxd4 O-O 11. Bg5 h6 12. Bxf6 Qxf6 13. Qxf6 gxf6 14.
f3 Rb8 15. b3 f5 16. Rfe1 Be6 17. Re3 fxe4 18. Nxe4 f5 19. Nf2 Rfe8 20. Rae1 Bf7 21. Nd3 Rxe3 22. Rxe3 Re8 23. Kf2 a5 24. Rxe8+ Bxe8 25. a4 Kf7 26. f4 c5 27. Nb2 d5 28. Ke3 Ke6 29. c4 d4+ 30. Kd3 Bc6 31. g3 Be4+ 32.
Kd2 h5 33. Nd1 Bb1 34. Nf2 Be4 35. Nh3 Bg2 36. Ng5+ Kf6 37. Ke2 Be4 38. Kd2 Bg2 39. Nh7+ Kg7 40. Ng5 Kf6 41. h4 Be4 42. Nh3 Ke6 43.
Nf2 Kf6 44. Nh3 Ke6 45. Ng1 Bg2 46. Ne2 Bf3 47. Nc1 Be4 48. Ke2 Bb1 49. Kd2 Be4 50. Ne2 Bf3 51. Ng1 Bg4 52. Kd3 Bd1 53.
Nf3 Bxb3 54. Nd2 Bxa4 55. Nb1 Bc6 56. Na3 1-0

[Event "*** Qualifier 2: Titled Tuesday 3|2 Blitz"]
[Site "Chess.com"]
[Date "2017.04.11"]
[Round "8"]
[White "Th3ChessViking"]
[Black "wonderfultime"]
[Result "0-1"]
[WhiteElo "2289"]
[BlackElo "2648"]
[TimeControl "180+2"]
[EndTime "14:55:51 PDT"]
[Termination "wonderfultime won by checkmate"]

1. c4 c6 2. g3 d5 3. Nf3 Nf6 4. Bg2 Bg4 5. O-O e6 6. Ne5 Bh5 7. cxd5 exd5 8. d4 Nbd7 9. Bf4 Be7 10. Nc3 O-O 11. Qb3 Qb6 12. Rfd1 Rad8 13. h3 Rfe8 14.
g4 Bg6 15. Nxg6 hxg6 16. e3 Nh7 17. Qc2 Rc8 18. Rab1 Ndf8 19. Bg3 Qd8 20. b4 Bd6 21. Bxd6 Qxd6 22. Na4 Ng5 23. Nc5 Re7 24. a4 Nfh7 25. Nd3 Nf6 26. b5 Rec7 27. bxc6 Rxc6 28. Qb2 b6 29.
Rbc1 Nge4 30. Rxc6 Rxc6 31. Rc1 Qc7 32. Rxc6 Qxc6 33. Nb4 Qd7 34. Qb3 Nd2 35. Qa2 Nde4 36. g5 Nxg5 37. Nxd5 Nxh3+ 38. Kh2 Ng5 39. f4 Ngh7 40.
Qc4 Nf8 41. Nxf6+ gxf6 42. Kg3 Kg7 43. e4 Ne6 44. d5 Nc5 45. Bh3 Qd6 46. Qd4 Nb3 47.
Qc3 Nc5 48. Qd4 Nd7 49. e5 fxe5 50. Qb2 Qf6 51. Kg2 exf4 52. Kh1 Qxb2 53. Bxd7 f3 54. Bh3 Qf2 55. Bf1 Qxf1+ 56. Kh2 Qg2# 0-1

[Event "*** Qualifier 2: Titled Tuesday 3|2 Blitz"]
[Site "Chess.com"]
[Date "2017.04.11"]
[Round "8"]
[White "RitvarsReimanis"]
[Black "Maitreia"]
[Result "1-0"]
[WhiteElo "2431"]
[BlackElo "2482"]
[TimeControl "180+2"]
[EndTime "14:55:53 PDT"]
[Termination "RitvarsReimanis won on time"]

1. d4 Nf6 2. c4 e5 3. e3 Bb4+ 4. Bd2 Bxd2+ 5. Qxd2 exd4 6. exd4 O-O 7. Nc3 Re8+ 8. Be2 d5 9. c5 Bg4 10. O-O-O Bxe2 11. Ngxe2 Nbd7 12. Kb1 c6 13. Ng3 Nf8 14. Rhe1 Qd7 15.
f3 Ng6 16. Rxe8+ Rxe8 17. Re1 Kf8 18. Kc2 h5 19. Rxe8+ Kxe8 20. Qe3+ Kf8 21. Nge2 Qf5+ 22. Kd2 h4 23. b4 a6 24. a4 Nh5 25. g4 hxg3 26.
hxg3 Nf6 27. Qd3 Qg5+ 28. Qe3 Qf5 29. Qd3 Qh3 30. b5 axb5 31. axb5 Qf1 32. bxc6 bxc6 33.
Ke3 Ne7 34. g4 Ng6 35. Qf5 Nh4 36. Qc8+ Ne8 37. Qxc6 Qxf3+ 38. Kd2 Qxg4 39. Qxd5 Nf3+ 40. Ke3 Ng5 41. c6 Ne6 42. Qe5 Qh3+ 43. Kd2 N8c7 44. d5 Qh6+ 45. Kd1 Qh1+ 46. Kc2 Nxd5 47. Qxd5 Qxd5 48.
Nxd5 g5 49. Kd3 Ke8 50. Nd4 Kd8 51. Nxe6+ fxe6 52. Nb4 e5 53. Nd5 g4 54. Ke4 Kc8 55. Kxe5 g3 56. Ne3 Kc7 57. Kd5 Kc8 58. Kd6 Kd8 59. Ng2 Kc8 60. c7 1-0

[Event "*** Qualifier 2: Titled Tuesday 3|2 Blitz"]
[Site "Chess.com"]
[Date "2017.04.11"]
[Round "8"]
[White "1e41-0"]
[Black "Buffy7"]
[Result "1-0"]
[WhiteElo "2330"]
[BlackElo "2492"]
[TimeControl "180+2"]
[EndTime "14:56:08 PDT"]
[Termination "1e41-0 won by resignation"]

1. d4 Nf6 2. c4 e6 3. Nc3 Bb4 4.
f3 d5 5. a3 Bxc3+ 6. bxc3 c5 7. cxd5 exd5 8. e3 Qa5 9. Qd2 c4 10. Ne2 Nc6 11. g4 h5 12. g5 Ng8 13. Bg2 h4 14. h3 Nge7 15. e4 Ng6 16. O-O Be6 17. f4 dxe4 18. Bxe4 Bf5 19. Qe3 O-O-O 20. Bxf5+ Qxf5 21. Qf3 Rhe8 22. Ra2 Na5 23. Qg4 Ne7 24. Qxh4 Rh8 25. Qf2 Qxh3 26. Qg2 Nf5 27. Rb2 Nb3 28.
Kf2 Qxg2+ 29. Kxg2 Rde8 30. Ng3 Nd6 31. f5 Nb5 32.
Bf4 Kd7 33. a4 Nxc3 34. Rc2 Nd5 35. Rxc4 b6 36. Rf3 Na5 37. Rc1 Rc8 38. Bd2 Nc6 39. Ne2 Rhe8 40. Kf2 Re4 41. Bc3 Rh8 42. Ng3 Rh2+ 43.
Kg1 Reh4 44. Ba1 f6 45. gxf6 gxf6 46. Re1 Ra2 47. Rf2 Rxf2 48. Kxf2 Rh2+ 49. Kf3 Ra2 50.
Ne4 Rxa4 51. Bb2 Ra2 52. Bc1 Nxd4+ 53. Kg4 Rg2+ 54. Kh3 Rc2 55. Rd1 Rc4 56. Bb2 Nf4+ 57. Kg4 Ne2 58. Nxf6+ Ke7 59. Bxd4 Nxd4 60. Nd5+ Kd6 61.
Ne3 Ra4 62. Nc2 Kd5 63. Nxd4 Ke5 64. Kg5 Ra2 65. Nc6+ Ke4 66. Re1+ Kd5 67. Ne7+ Kd6 68. f6 Rg2+ 69. Kh6 Rf2 70. Kg7 Rg2+ 71. Ng6 b5 72. f7 Rf2 73. f8=Q+ Rxf8 74. Nxf8 b4 75. Ra1 Kc5 76.
Rxa7 Kc4 77. Ne6 b3 78. Rc7+ Kd5 79. Rb7 Kc4 80. Nc5 1-0

[Event "*** Qualifier 2: Titled Tuesday 3|2 Blitz"]
[Site "Chess.com"]
[Date "2017.04.11"]
[Round "8"]
[White "Spartakus1975"]
[Black "Konavets"]
[Result "1/2-1/2"]
[WhiteElo "2542"]
[BlackElo "2596"]
[TimeControl "180+2"]
[EndTime "14:56:22 PDT"]
[Termination "Game drawn by stalemate"]

1. e4 e5 2. Nf3 Nc6 3. Bb5 Nf6 4.
O-O Nxe4 5. d4 Nd6 6. Ba4 e4 7. Re1 Be7 8. Ne5 O-O 9. Nc3 Bf6 10. Bf4 Re8 11. Nxe4 Nxe4 12. Rxe4 a6 13. Bb3 d5 14.
Nxc6 bxc6 15. Bxc7 Qd7 16. Rxe8+ Qxe8 17. c3 Bf5 18. Bf4 Qe4 19. Qd2 Re8 20. Ba4 Qe6 21. Be3 h5 22. Re1 h4 23. f3 h3 24. g3 Bg5 25. Kf2 Bf6 26. Bf4 Qc8 27. Rxe8+ Qxe8 28. Qe2 Qc8 29. b4 g5 30. Be5 Be7 31. g4 Be6 32.
Bc2 f6 33. Bg3 Kf7 34. Bd3 a5 35. bxa5 c5 36. a6 cxd4 37. cxd4 Qc3 38. Qe3 Qb2+ 39. Be2 Qxa2 40. Bb8 Bd7 41. a7 Bb5 42. Kf1 Qb1+ 43. Kf2 Qa2 44. f4 gxf4 45. Bxf4 Bxe2 46. Qxe2 Qxa7 47.
Qe3 Qa2+ 48. Qe2 Qa4 49. Be3 Bd6 50. Qd3 Qa2+ 51. Bd2 Bb4 52. Ke2 Bxd2 53. Qxd2 Qc4+ 54. Ke3 Kg6 55. Kf3 Qb3+ 56. Kf4 Qb1 57. Qf2 Qd3 58. Qf3 Qxd4+ 59. Kg3 Qe4 60. Qxe4+ dxe4 61. Kxh3 f5 62. Kg3 fxg4 63. Kxg4 e3 64. Kf3 Kh7 65. Kxe3 Kh8 66.
Kf4 Kg8 67. Kg5 Kh8 68. h4 Kg8 69. Kg6 Kh8 70. h5 Kg8 71. h6 Kh8 72. h7 1/2-1/2

[Event "*** Qualifier 2: Titled Tuesday 3|2 Blitz"]
[Site "Chess.com"]
[Date "2017.04.11"]
[Round "8"]
[White "Vrolijk"]
[Black "Abrito99"]
[Result "1/2-1/2"]
[WhiteElo "2293"]
[BlackElo "2318"]
[TimeControl "180+2"]
[EndTime "14:56:45 PDT"]
[Termination "Game drawn - insufficient material"]

1. d4 Nf6 2. c4 e6 3. Nc3 Bb4 4.
e3 O-O 5. Ne2 c6 6. a3 Ba5 7. c5 d5 8. cxd6 Qxd6 9. b4 Bc7 10. Bb2 Qe7 11. Ng3 e5 12. dxe5 Bxe5 13. Be2 a5 14. bxa5 Rxa5 15. O-O Nbd7 16. Qc2 Nb6 17.
Rfd1 h5 18. Qb3 Qc7 19. Rac1 Be6 20. Qc2 h4 21. Nf1 Qb8 22. h3 Bc7 23. Ne4 Nxe4 24. Qxe4 Rg5 25. Qxh4 Rg6 26. Bh5 Rh6 27. Qd4 f6 28. Bg4 Bf7 29. a4 Nd5 30. Ba3 Rd8 31. Qe4 Re8 32. Qf3 Qa7 33. Rd4 Be5 34. Rdd1 Qxa4 35.
Bc5 Nc3 36. Rd7 Bd5 37. e4 Bxe4 38. Qe3 Nd5 39. Qe2 Nf4 40. Qe3 Nd5 41. Qe2 Rg6 42. Rc4 Nf4 43. Qxe4 Qa2 44. Rc2 Qb3 45. Qc4+ Qxc4 46.
Rxc4 f5 47. Bf3 Nxh3+ 48. Kh1 Ng5 49. Rxb7 Rh6+ 50. Kg1 Rg6 51. Ng3 Nxf3+ 52. gxf3 f4 53. Re4 fxg3 54. f4 gxf2+ 55. Kxf2 Rf6 56. Kf3 g5 57.
Bd6 Rxf4+ 58. Rxf4 gxf4 59. Bxe5 Rxe5 60. Kxf4 Re6 61.
Kf5 Re1 62. Rc7 Rc1 63. Ke5 Kf8 64. Kf6 Ke8 65. Ke6 Kd8 66. Rd7+ Kc8 67. Rh7 Rd1 68. Rg7 c5 69. Rg5 Rc1 70. Kd5 c4 71. Kd4 c3 72. Rc5+ Kd7 73. Rxc3 Rxc3 74. Kxc3 1/2-1/2